 Dungeon Sprint DCSS version 0.29-a0-717-g6dac4ea423 (webtiles) character file.

Game seed: 9910165500699188337

0 rocky1 the Trooper (level 1, -1/36 HPs)
             Began as an Ogre Berserker on June 27, 2022.
             Was a Follower of Trog.
             Slain by a wolf (3 damage)
             ... led by Grum
             ... in the Dungeon (Sprint VII: "The Pits").
             The game lasted 00:00:42 (25 turns).

rocky1 the Trooper (Ogre Berserker)                   Turns: 25, Time: 00:00:43

Health: -1/36      AC:  3    Str: 20    XL:     1   Next: 10%
Magic:  1/1        EV: 10    Int:  8    God:    Trog [*.....]
Gold:   0          SH:  0    Dex:  8    Spells: 0/0 levels left

rFire   . . .      SeeInvis .   a - +0 mace
rCold   . . .      Faith    .   (no shield)
rNeg    . . .      Spirit   .   b - +0 animal skin
rPois   .          Reflect  .   (helmet restricted)
rElec   .          Harm     .   (no cloak)
rCorr   .          Rampage  .   (gloves unavailable)
Will    .....      NoTele   +   (boots unavailable)
Stlth   ..........              (no amulet)
HPRegen 0.12/turn               (no ring)
MPRegen 0.07/turn               (no ring)

@: berserking, very quick
A: large, unfitting armour, tough skin 1
a: Renounce Religion, Berserk


You were in the Dungeon.
You worshipped Trog.
Trog was aware of your devotion.
You visited 1 branch

Inventory:

Hand Weapons
 a - a +0 mace (weapon)
Armour
 b - a +0 animal skin (worn)
Potions
 c - a potion of curing
 d - a potion of heal wounds
 e - a potion of haste
 f - 2 potions of magic
 g - a potion of berserk rage


   Skills:
 + Level 4.1 Fighting
 * Level 2.9 Maces & Flails
 + Level 2.8 Dodging


You couldn't memorise any spells.
You didn't know any spells.
Your spell library was empty.

Dungeon Overview and Level Annotations

Branches:
Dungeon (1/1)

Altars:

Annotations:
D Grum


Innate Abilities, Weirdness & Mutations

You are too large for most types of armour.
You have tough skin. (AC +1)


Message History

The wolf howls! x2
The wolf attacks as you move away! The wolf bites you. x2
Unknown command.
Blink to where?
Press: ? - help, Dir - move target
As you read the scroll of blinking, it crumbles to dust.
You open the door.
A ball python comes into view.
The ball python bites you but does no damage.
The ball python closely misses you.
There is an open door to the Storerooms (Easy) here.
You sock the ball python!
You kill the ball python!
Trog accepts your kill.
Okay, then.
Okay, then.
A red film seems to cover your vision as you go berserk!
You feel yourself moving faster!
You feel mighty! The wolf bites you.
You sock the wolf!
The wolf is heavily wounded.
The wolf closely misses you. The wolf misses you.
You closely miss the wolf.
The wolf is heavily wounded.
The wolf bites you!
You miss the wolf.
The wolf is heavily wounded.
The wolf bites you but does no damage. The wolf bites you!
* * * LOW HITPOINT WARNING * * *
You miss the wolf.
The wolf is heavily wounded.
The wolf closely misses you. The wolf bites you.
* * * LOW HITPOINT WARNING * * *
You closely miss the wolf.
The wolf is moderately wounded.
The wolf bites you but does no damage.
Unknown command.
You closely miss the wolf.
The wolf is moderately wounded.
The wolf closely misses you. The wolf bites you.
You die...

##########++#### #+
#............... +.
#......#..#.....
######.##hh.............
.......@hhhhh...........
###+#####gh....#..#.....
#.B.......h.....
####'#####gh####
#.......##''#
#.......##h...
#.......##.h.##
#...<...##hB##
#.......##hh#


You could see Grum, 8 wolves and a giant cockroach.

Vanquished Creatures
  A ball python (D)
1 creature vanquished.

Notes
Turn   | Place    | Note
-------+----------+-------------------------------------------
     0 | D        | rocky1 the Ogre Berserker began the quest for the Orb.
     0 | D        | Reached XP level 1. HP: 24/24 MP: 1/1
    11 | D        | Noticed a wolf
    11 | D        | Noticed a wolf
    11 | D        | Noticed a wolf
    11 | D        | Noticed a wolf
    11 | D        | Noticed a wolf
    11 | D        | Noticed a wolf
    11 | D        | Noticed a wolf
    11 | D        | Noticed Grum
    12 | D        | Noticed a wolf
    25 | D        | Slain by a wolf

Illustrated notes

Levels and vault maps discovered:
D:        pitsprint [storerooms_1, entrance_room_1, metal_vault_7, armoury_2,
          mini_pit_1, grid_room_1, main_hall_1, silver_pit, the_coven_3,
          the_vestibule_1, steel_vault_4, golden_pit, hallway_of_sentries,
          crystal_vault_5, iron_vault_1, final_vault]

Action                   || total
-------------------------++-------
Melee: Mace              ||     7
Invok: Berserk           ||     1
  Use: Scroll            ||     1
Armor: Animal skin       ||     3
Dodge: Dodged            ||     5

Table legend: (Time is in decaauts)
 A = Elapsed time spent in this place.
 B = Non-inter-level travel time spent in this place.
 C = Inter-level travel time spent in this place.
 D = Time resting spent in this place.
 E = Time spent auto-exploring this place.
 F = Levels seen in this place.
 G = Mean time per level.
                   A        B        C        D        E       F      G
               +--------+--------+--------+--------+--------+-----+--------+
         Total |     24 |     24 |      0 |      0 |     11 |   1 |   24.0 |
       Dungeon |     24 |     24 |      0 |      0 |     11 |   1 |   24.0 |
               +--------+--------+--------+--------+--------+-----+--------+

Top non-repeatable levels by time:
       D: 24 daAuts
